NCAA
ARIZONA WILDCATS @ NEBRASKA CORNHUSKERS
04/20/2023
 
TOP OF THE 1ST
Arizona Wildcats batting - Pitching for Nebraska Cornhuskers : RHP James Burke
Pitching: RHP James Burke
Batting: RHB Jake Brown 0-0: Called Strike
0-1: Ball
1-1: Ball
2-1: Ground out 6-3 (Groundball, 6MS)
Batting: RHB Michael Tucker 0-0: Called Strike
0-1: Ball
1-1: Ball
2-1: Ground out 1-3 (Groundball, 13S)
Batting: LHB Wes Stone 0-0: Ball
1-0: DOUBLE (Flyball, 89M)
Batting: RHB Alvin Cates 0-0: Called Strike
0-1: Foul Ball, location: 2F
0-2: Foul Ball, location: 2F
0-2: Foul Ball, location: 2F
0-2: Fly out, F6 (Popup, 6MD)
Top of the 1st over - 0 run(s), 1 hit(s), 0 error(s), 1 left on base; Arizona 0 - Nebraska 0
BOTTOM OF THE 1ST
Nebraska Cornhuskers batting - Pitching for Arizona Wildcats : RHP Rob Stanley
Pitching: RHP Rob Stanley
Batting: LHB Dennis Fontenot 0-0: Called Strike
0-1: Fly out, F9 (Flyball, 9S)
Batting: SHB William Hamilton 0-0: Ball
1-0: Ball
2-0: Ball
3-0: Called Strike
3-1: Foul Ball, location: 2F
3-2: Base on Balls
Batting: RHB John Denton 0-0: Called Strike
0-1: Foul Ball, location: 2F
0-2: Hit by Pitch
William Hamilton to second
Batting: LHB Manny Salazar 0-0: Foul Ball, location: 2F
0-1: SINGLE (Flyball, 6MD)
William Hamilton to third
John Denton to second
Batting: RHB Eugene Allen 0-0: Ball
1-0: Called Strike
1-1: Swinging Strike
1-2: Foul Ball, location: 2F
1-2: Foul Ball, location: 2F
1-2: Fly out, F8 (Flyball, 8RXD)
Runner from 3rd tags up, SCORES, no throw
John Denton to third
Batting: RHB Ralph Powell 0-0: Ball
1-0: Ball
2-0: Called Strike
2-1: Foul Ball, location: 2F
2-2: SINGLE (Line Drive, 8RS)
John Denton scores
Manny Salazar to second
Runner from 2nd tries for 3rd, SAFE, throw made to third
Pitching: RHP Craig Little
Batting: LHB Robin Greer 0-0: Foul Ball, location: 2F
0-1: Ball
1-1: Foul Ball, location: 2F
1-2: Strikes out swinging
Bottom of the 1st over - 2 run(s), 2 hit(s), 0 error(s), 2 left on base; Arizona 0 - Nebraska 2
TOP OF THE 2ND
Arizona Wildcats batting - Pitching for Nebraska Cornhuskers : RHP James Burke
Batting: LHB Bruce Foster 0-0: Called Strike
0-1: Called Strike
0-2: SINGLE (Line Drive, 89S)
Batting: RHB Quincy Vance 0-0: Foul Ball, location: 2F
0-1: Foul Ball, location: 2F
0-2: Hit by Pitch
Bruce Foster to second
Batting: RHB Michael King 0-0: Fly out, F8 (Flyball, 8RM)
Batting: RHB Miguel Gonzáles 0-0: Called Strike
0-1: Swinging Strike
0-2: Strikes out looking
Batting: RHB Gabriel Vázquez 0-0: Called Strike
0-1: Ball
1-1: SINGLE (Line Drive, 89M)
Bruce Foster to third
Quincy Vance to second
Batting: RHB Jake Brown 0-0: Called Strike
0-1: Called Strike
0-2: Ball
1-2: Foul Ball, location: 2F
1-2: SINGLE (Line Drive, 4D)
Bruce Foster scores
Quincy Vance to third
Gabriel Vázquez to second
Runner from 3rd tries for Home, SAFE, no throw or cutoff
Batting: RHB Michael Tucker 0-0: Called Strike
0-1: SINGLE (Flyball, 8LS)
Gabriel Vázquez to third
Jake Brown to second
Runner from 3rd tries for Home, SAFE, throw made home
Batting: LHB Wes Stone 0-0: Called Strike
0-1: Ball
1-1: Ball
2-1: Swinging Strike
2-2: Ball
3-2: SINGLE (Groundball, 3L)
Jake Brown to third
Michael Tucker to second
Jake Brown scores
Michael Tucker to third
Batting: RHB Alvin Cates Error on foul ball, E5
0-1: Called Strike
0-2: Ball
1-2: Strikes out swinging
Top of the 2nd over - 4 run(s), 5 hit(s), 1 error(s), 2 left on base; Arizona 4 - Nebraska 2
BOTTOM OF THE 2ND
Nebraska Cornhuskers batting - Pitching for Arizona Wildcats : RHP Craig Little
Batting: SHB Conan Hanson 0-0: Ball
1-0: Ground out 6-3 (Groundball, 6)
Batting: RHB Dwight Lewis 0-0: Ground out 6-3 (Groundball, 6M)
Batting: LHB Dennis Fontenot 0-0: Ball
1-0: Ball
2-0: Reached on error, E3 (Groundball, 3L)
Batting: SHB William Hamilton 0-0: Ball
1-0: Ball
2-0: Ball
3-0: Called Strike
3-1: Swinging Strike
3-2: Fly out, F7 (Flyball, 78XD)
Bottom of the 2nd over - 0 run(s), 0 hit(s), 1 error(s), 1 left on base; Arizona 4 - Nebraska 2
TOP OF THE 3RD
Arizona Wildcats batting - Pitching for Nebraska Cornhuskers : RHP James Burke
Batting: LHB Bruce Foster 0-0: Foul Ball, location: 2F
0-1: Ball
1-1: Foul Ball, location: 2F
1-2: Ball
2-2: Fly out, F7 (Flyball, 7M)
Batting: RHB Quincy Vance 0-0: Called Strike
0-1: Fly out, F3 (Popup, 3F)
Batting: RHB Michael King 0-0: Called Strike
0-1: Ball
1-1: Foul Ball, location: 2F
1-2: Foul Ball, location: 2F
1-2: Ball
2-2: SOLO HOME RUN (Flyball, 7D), Distance : 343 ft
Batting: RHB Miguel Gonzáles 0-0: Called Strike
0-1: Ball
1-1: Foul Ball, location: 2F
1-2: Ball
2-2: Ball
3-2: DOUBLE (Line Drive, 3L)
Batting: RHB Gabriel Vázquez 0-0: 2-RUN HOME RUN (Flyball, 7D), Distance : 350 ft
Batting: RHB Jake Brown 0-0: Ball
1-0: Ball
2-0: Ball
3-0: Base on Balls
Batting: RHB Michael Tucker 0-0: Ball
Jake Brown steals 2nd base
1-0: Fly out, F6 (Line Drive, 56)
Top of the 3rd over - 3 run(s), 3 hit(s), 0 error(s), 1 left on base; Arizona 7 - Nebraska 2
BOTTOM OF THE 3RD
Nebraska Cornhuskers batting - Pitching for Arizona Wildcats : RHP Craig Little
Batting: RHB John Denton 0-0: SINGLE (Groundball, 34D)
Batting: LHB Manny Salazar 0-0: Ball
1-0: Fly out, F7 (Flyball, 7LM)
Batting: RHB Eugene Allen 0-0: Called Strike
0-1: Ball
1-1: Foul Ball, location: 2F
1-2: Fly out, F7 (Flyball, 7M)
Batting: RHB Ralph Powell 0-0: Ball
1-0: Foul Ball, location: 2F
1-1: Foul Ball, location: 2F
1-2: Ground out 1-3 (Groundball, 25)
Bottom of the 3rd over - 0 run(s), 1 hit(s), 0 error(s), 1 left on base; Arizona 7 - Nebraska 2
TOP OF THE 4TH
Arizona Wildcats batting - Pitching for Nebraska Cornhuskers : RHP James Burke
Pitching: RHP Manuel Gómez
Batting: LHB Wes Stone 0-0: Ball
1-0: Foul Ball, location: 2F
1-1: Foul Ball, location: 2F
1-2: Foul Ball, location: 2F
1-2: Ball
2-2: Foul Ball, location: 2F
2-2: SOLO HOME RUN (Flyball, 9D), Distance : 357 ft
Batting: RHB Alvin Cates 0-0: Ball
1-0: Ball
2-0: Ball
3-0: Base on Balls
Batting: LHB Bruce Foster 0-0: Ball
1-0: Foul Ball, location: 2F
1-1: Ball
2-1: Swinging Strike
2-2: Foul Ball, location: 2F
2-2: Strikes out looking
Batting: RHB Quincy Vance 0-0: Ball
1-0: Called Strike
1-1: Ball
2-1: Foul Ball, location: 2F
2-2: Fly out, F7 (Line Drive, 7S)
Batting: RHB Michael King 0-0: Called Strike
0-1: Foul Ball, location: 2F
0-2: Strikes out swinging
Top of the 4th over - 1 run(s), 1 hit(s), 0 error(s), 1 left on base; Arizona 8 - Nebraska 2
BOTTOM OF THE 4TH
Nebraska Cornhuskers batting - Pitching for Arizona Wildcats : RHP Craig Little
Batting: LHB Robin Greer 0-0: Fly out, F8 (Flyball, 8LM)
Batting: SHB Conan Hanson 0-0: Called Strike
0-1: Ball
1-1: Ball
2-1: Foul Ball, location: 2F
2-2: Ball
3-2: Fly out, F8 (Popup, 8RS)
Batting: RHB Dwight Lewis 0-0: Ball
1-0: Called Strike
1-1: Ball
2-1: Foul Ball, location: 2F
2-2: Ground out 5-3 (Groundball, 56)
Bottom of the 4th over - 0 run(s), 0 hit(s), 0 error(s), 0 left on base; Arizona 8 - Nebraska 2
TOP OF THE 5TH
Arizona Wildcats batting - Pitching for Nebraska Cornhuskers : RHP Manuel Gómez
Batting: RHB Miguel Gonzáles 0-0: Called Strike
0-1: Swinging Strike
0-2: Ball
1-2: SINGLE (Groundball, 34D)
Batting: RHB Gabriel Vázquez 0-0: Ball
Miguel Gonzáles steals 2nd base
1-0: Ground out 1-3 (Groundball, 23)
Miguel Gonzáles to third
Batting: RHB Jake Brown 0-0: Ball
1-0: Ball
2-0: Called Strike
2-1: Ground out 6-3 (Groundball, 6MS)
Miguel Gonzáles scores
Batting: RHB Michael Tucker 0-0: Called Strike
0-1: Ball
1-1: Called Strike
1-2: Strikes out swinging
Top of the 5th over - 1 run(s), 1 hit(s), 0 error(s), 0 left on base; Arizona 9 - Nebraska 2
BOTTOM OF THE 5TH
Nebraska Cornhuskers batting - Pitching for Arizona Wildcats : RHP Craig Little
Batting: LHB Dennis Fontenot 0-0: SOLO HOME RUN (Flyball, 9D), Distance : 352 ft
Batting: SHB William Hamilton 0-0: Called Strike
0-1: Called Strike
0-2: Strikes out swinging
Batting: RHB John Denton 0-0: Ball
1-0: Ball
2-0: Ball
3-0: Base on Balls
Batting: LHB Manny Salazar 0-0: Called Strike
0-1: DOUBLE (Line Drive, 78M)
John Denton to third
Runner from 3rd tries for Home, SAFE, no throw or cutoff
Batting: RHB Eugene Allen 0-0: Called Strike
0-1: Foul Ball, location: 2F
0-2: Foul Ball, location: 2F
0-2: Strikes out looking
Pitching: RHP Steve Hammond
Batting: RHB Ralph Powell 0-0: Ball
1-0: Called Strike
1-1: Fly out, F3 (Popup, 3F)
Bottom of the 5th over - 2 run(s), 2 hit(s), 0 error(s), 1 left on base; Arizona 9 - Nebraska 4
TOP OF THE 6TH
Arizona Wildcats batting - Pitching for Nebraska Cornhuskers : RHP Manuel Gómez
Batting: LHB Wes Stone 0-0: Foul Ball, location: 2F
0-1: Ball
1-1: Ball
2-1: Ball
3-1: Base on Balls
Batting: RHB Alvin Cates 0-0: Ball
1-0: Ball
2-0: Fly out, F4 (Popup, 4)
Batting: LHB Bruce Foster 0-0: Ball
1-0: Called Strike
1-1: 2-RUN HOME RUN (Flyball, 9D), Distance : 345 ft
Pitching: RHP Steve Frederick
Batting: RHB Quincy Vance 0-0: Ball
1-0: SINGLE (Flyball, 89M)
Batting: RHB Michael King 0-0: Ball
1-0: Called Strike
1-1: Foul Ball, location: 2F
1-2: Strikes out looking
Batting: RHB Miguel Gonzáles 0-0: Ball
1-0: Called Strike
1-1: Ball
2-1: Ground out 5-3 (Groundball, 56)
Top of the 6th over - 2 run(s), 2 hit(s), 0 error(s), 1 left on base; Arizona 11 - Nebraska 4
BOTTOM OF THE 6TH
Nebraska Cornhuskers batting - Pitching for Arizona Wildcats : RHP Steve Hammond
Batting: LHB Robin Greer 0-0: Called Strike
0-1: Foul Ball, location: 2F
0-2: Ball
1-2: Fly out, F7 (Flyball, 7M)
Batting: SHB Conan Hanson 0-0: Called Strike
0-1: Ball
1-1: Swinging Strike
1-2: Ball
2-2: Strikes out swinging
Batting: RHB Dwight Lewis 0-0: Ball
1-0: SINGLE (Groundball, 5D)
Batting: LHB Dennis Fontenot 0-0: Ball
1-0: Called Strike
1-1: Ball
2-1: Ball
3-1: Fly out, F7 (Flyball, 78M)
Bottom of the 6th over - 0 run(s), 1 hit(s), 0 error(s), 1 left on base; Arizona 11 - Nebraska 4
TOP OF THE 7TH
Arizona Wildcats batting - Pitching for Nebraska Cornhuskers : RHP Steve Frederick
Batting: RHB Gabriel Vázquez 0-0: Foul Ball, location: 2F
0-1: Ground out 6-3 (Groundball, 6)
Batting: RHB Jake Brown 0-0: Called Strike
0-1: Ball
1-1: Fly out, F8 (Flyball, 78XD)
Batting: RHB Michael Tucker 0-0: SINGLE (Groundball, 6MD)
Batting: LHB Wes Stone 0-0: Called Strike
0-1: Foul Ball, location: 2F
0-2: Foul Ball, location: 2F
0-2: Ball
1-2: Fly out, F7 (Flyball, 78M)
Top of the 7th over - 0 run(s), 1 hit(s), 0 error(s), 1 left on base; Arizona 11 - Nebraska 4
BOTTOM OF THE 7TH
Nebraska Cornhuskers batting - Pitching for Arizona Wildcats : RHP Steve Hammond
Batting: SHB William Hamilton 0-0: Ball
1-0: Ball
2-0: Called Strike
2-1: Ball
3-1: Base on Balls
Batting: RHB John Denton 0-0: Ball
1-0: Ball
2-0: Ball
3-0: Called Strike
3-1: SINGLE (Groundball, 34D)
William Hamilton to second
Runner from 2nd tries for 3rd, SAFE, no throw or cutoff
Batting: LHB Manny Salazar 0-0: Ball
John Denton steals 2nd base
1-0: SINGLE (Groundball, 5D)
William Hamilton scores
John Denton to third
Runner from 3rd tries for Home, SAFE, no throw or cutoff
Batting: RHB Eugene Allen 0-0: Ball
Manny Salazar steals 2nd base
1-0: Ball
2-0: Ball
3-0: Base on Balls
Batting: RHB Ralph Powell 0-0: Called Strike
0-1: SINGLE (Groundball, 4M)
Manny Salazar to third
Eugene Allen to second
Runner from 3rd tries for Home, SAFE, throw made at trailing runner, SAFE at third!
Pitching: RHP Clancy Small
Batting: LHB Robin Greer 0-0: Ball
1-0: SINGLE (Line Drive, 5S)
Eugene Allen scores
Ralph Powell to second
Batting: SHB Conan Hanson 0-0: Ball
1-0: Swinging Strike
1-1: Ball
2-1: Sac Bunt - play at first, batter OUT! 5-4
Ralph Powell to third
Robin Greer to second
Batting: RHB Dwight Lewis 0-0: Foul Ball, location: 2F
0-1: Ball
1-1: Hit by Pitch
Batting: LHB Dennis Fontenot 0-0: Swinging Strike
0-1: Foul Ball, location: 2F
0-2: Ball
1-2: Strikes out swinging
Batting: SHB William Hamilton 0-0: Called Strike
0-1: Foul Ball, location: 2F
0-2: Ball
1-2: Strikes out swinging
Bottom of the 7th over - 4 run(s), 4 hit(s), 0 error(s), 3 left on base; Arizona 11 - Nebraska 8
TOP OF THE 8TH
Arizona Wildcats batting - Pitching for Nebraska Cornhuskers : RHP Steve Frederick
Batting: RHB Alvin Cates 0-0: Ball
1-0: Fly out, F4 (Line Drive, 4)
Pitching: RHP Roy Mayer
Batting: LHB Bruce Foster 0-0: Ball
1-0: Ball
2-0: Ball
3-0: Called Strike
3-1: Fly out, F8 (Flyball, 8RM)
Batting: RHB Quincy Vance 0-0: Foul Ball, location: 2F
0-1: Ground out 5-3 (Groundball, 56)
Top of the 8th over - 0 run(s), 0 hit(s), 0 error(s), 0 left on base; Arizona 11 - Nebraska 8
BOTTOM OF THE 8TH
Nebraska Cornhuskers batting - Pitching for Arizona Wildcats : RHP Clancy Small
Batting: RHB John Denton 0-0: Called Strike
0-1: Ball
1-1: Foul Ball, location: 2F
1-2: Ball
2-2: Foul Ball, location: 2F
2-2: Strikes out swinging
Batting: LHB Manny Salazar 0-0: Ball
1-0: Ball
2-0: Ground out 6-3 (Groundball, 6M)
Batting: RHB Eugene Allen 0-0: SINGLE (Groundball, 6M) (infield hit)
Pitching: RHP Carl Willis
Batting: RHB Ralph Powell 0-0: Ball
1-0: Ball
2-0: Ball
3-0: Called Strike
3-1: Called Strike
3-2: Reached on error, E1 (Groundball, 13)
Eugene Allen to third
Batting: LHB Robin Greer 0-0: Ball
1-0: Ground out 4-3 (Groundball, 4)
Bottom of the 8th over - 0 run(s), 1 hit(s), 1 error(s), 2 left on base; Arizona 11 - Nebraska 8
TOP OF THE 9TH
Arizona Wildcats batting - Pitching for Nebraska Cornhuskers : RHP Roy Mayer
Batting: RHB Michael King 0-0: Fly out, F9 (Flyball, 89M)
Batting: RHB Miguel Gonzáles 0-0: Swinging Strike
0-1: SINGLE (Flyball, 78S)
Batting: RHB Gabriel Vázquez 0-0: Called Strike
0-1: Ball
1-1: Called Strike
1-2: Foul Ball, location: 2F
1-2: Reached on error, E4 (Groundball, 4)
Miguel Gonzáles to second
Batting: RHB Jake Brown 0-0: Ball
Throwing error on steal attempt, E2
Miguel Gonzáles scores
Gabriel Vázquez to third
1-0: Ball
2-0: Ball
3-0: Called Strike
3-1: Hit by Pitch
Batting: RHB Michael Tucker 0-0: Foul Ball, location: 2F
0-1: Fly out, F8 (Line Drive, 8LM)
Runner from 3rd tags up, SCORES, no throw
Batting: LHB Wes Stone 0-0: Ball
1-0: Ball
2-0: Foul Ball, location: 2F
2-1: Ground out 4-3 (Groundball, 4)
Top of the 9th over - 2 run(s), 1 hit(s), 2 error(s), 1 left on base; Arizona 13 - Nebraska 8
BOTTOM OF THE 9TH
Nebraska Cornhuskers batting - Pitching for Arizona Wildcats : RHP Carl Willis
Batting: SHB Conan Hanson 0-0: Ball
1-0: Ground out U3 (Groundball, 3)
Batting: RHB Dwight Lewis 0-0: Ball
1-0: Foul Ball, location: 2F
1-1: Ball
2-1: Ball
3-1: Called Strike
3-2: Base on Balls
Batting: LHB Dennis Fontenot 0-0: Called Strike
0-1: Swinging Strike
0-2: Foul Ball, location: 2F
0-2: Ball
1-2: Strikes out swinging
Batting: SHB William Hamilton 0-0: Called Strike
0-1: Ball
1-1: SINGLE (Groundball, 4MD)
Dwight Lewis to second
Batting: RHB John Denton 0-0: Ball
1-0: Ball
2-0: Called Strike
2-1: Ball
3-1: Called Strike
3-2: Ground out U3 (Groundball, 3S)
Bottom of the 9th over - 0 run(s), 1 hit(s), 0 error(s), 2 left on base; Arizona 13 - Nebraska 8
This league is powered by Out of the Park Baseball, the baseball management simulation game for PC, Mac and Linux
Wednesday, December 2nd, 2015 - OOTP Baseball 16.8 Build 38